General information
			
			
        
        - name: BNet
 
        - type: Ladder team game (AT/RT)
 
        - host: Battle.net
 
        - saver: BauerPower
 
        
map: Battleground 
        - players: 8
 
        - length: 30:14
 
        - speed: Fast
 - version: 1.22 W3XP
 - replay type:  Public
 
» download(349 KB)
Players
        team 1 (loser) 
              
              
aLL_SuXx (
red | 99 APM | 2983 actions | 30:07)
              
 4 Death Knight 
 2 Death Coil
 2 Unholy Aura
 3 Lich 
 2 Frost Nova
 1 Dark Ritual
 2 Crypt Lord 
 1 Impale
 1 Spiked Carapace
 
                » actions 
                
                | Assign group hotkey | 42 |  | 
| Basic commands | 46 |  | 
| Build / train | 73 |  | 
| Enter build submenu | 21 |  | 
| Enter hero's abilities submenu | 9 |  | 
| Remove unit from queue | 2 |  | 
| Right click | 1103 |  | 
| Select / deselect | 293 |  | 
| Select group hotkey | 1297 |  | 
| Use ability | 97 |  | 
                2983 total
 » units 
                
                | Acolyte | 17 |  | 
| Ghoul | 3 |  | 
| Crypt Fiend | 19 |  | 
| Frost Wyrm | 6 |  | 
                45 total
 » upgrades
                
                | Burrow | 1 |  | 
| Web | 1 |  | 
| Creature Attack | 2 |  | 
| Freezing Breath | 1 |  | 
| Creature Carapace | 2 |  | 
                7 total
 » buildings
                
                | Crypt | 1 |  | 
| Graveyard | 1 |  | 
| Altar of Darkness | 1 |  | 
| Ziggurat | 10 |  | 
| Tomb of Relics | 1 |  | 
| Nerubian Tower | 1 |  | 
| Halls of the Dead | 1 |  | 
| Black Citadel | 1 |  | 
| Sacrificial Pit | 1 |  | 
| Boneyard | 2 |  | 
| Necropolis | 1 |  | 
| Spirit Tower | 1 |  | 
                22 total
 » build order
                00:06 Crypt
00:07 Graveyard
00:41 Altar of Darkness
00:57 Ziggurat
01:25 Tomb of Relics
02:01 Ziggurat
03:12 Nerubian Tower
03:57 Ziggurat
05:00 Halls of the Dead
07:33 Black Citadel
07:36 Sacrificial Pit
09:26 Ziggurat
10:13 Boneyard
11:51 Boneyard
12:07 Ziggurat
12:08 Ziggurat
15:43 Necropolis
20:49 Ziggurat
20:56 Ziggurat
20:57 Ziggurat
21:00 Ziggurat
22:35 Spirit Tower
» items
                
                | Rod of Necromancy | 1 |  | 
| Scroll of Town Portal | 2 |  | 
                3 total
  
               
              
              
DiStRoYeR[moep] (
purple | 62 APM | 1866 actions | 30:12)
              
 2 Priestess of the Moon 
 1 Trueshot Aura
 1 Searing Arrows
 
                » actions 
                
                | Assign group hotkey | 60 |  | 
| Basic commands | 9 |  | 
| Build / train | 67 |  | 
| Enter build submenu | 19 |  | 
| Enter hero's abilities submenu | 2 |  | 
| Remove unit from queue | 2 |  | 
| Right click | 1048 |  | 
| Select / deselect | 332 |  | 
| Select group hotkey | 263 |  | 
| Use ability | 64 |  | 
                1866 total
 » units 
                
                | Wisp | 15 |  | 
| Huntress | 11 |  | 
| Glaive Thrower | 3 |  | 
| Druid of the Talon | 6 |  | 
| Faerie Dragon | 1 |  | 
| Chimaera | 1 |  | 
| Dryad | 3 |  | 
                40 total
 » upgrades
                
                | Druid of the Talon Training | 2 |  | 
| Vorpal Blades | 1 |  | 
| Corrosive Breath | 1 |  | 
| Reinforced Hides | 2 |  | 
| Strength of the Wild | 2 |  | 
| Abolish Magic | 1 |  | 
                9 total
 » buildings
                
                | Altar of Elders | 1 |  | 
| Moon Well | 5 |  | 
| Hunter's Hall | 1 |  | 
| Ancient of War | 2 |  | 
| Tree of Ages | 1 |  | 
| Ancient of Wind | 2 |  | 
| Ancient of Wonders | 1 |  | 
| Tree of Eternity | 4 |  | 
| Chimaera Roost | 2 |  | 
| Ancient of Lore | 4 |  | 
                23 total
 » build order
                00:03 Altar of Elders
00:17 Moon Well
00:21 Moon Well
00:53 Moon Well
02:00 Hunter's Hall
02:03 Ancient of War
02:30 Ancient of War
03:13 Tree of Ages
04:09 Moon Well
04:54 Moon Well
05:44 Ancient of Wind
05:48 Ancient of Wind
05:55 Ancient of Wonders
07:44 Tree of Eternity
07:44 Tree of Eternity
07:45 Tree of Eternity
15:39 Chimaera Roost
15:42 Chimaera Roost
25:04 Ancient of Lore
25:10 Ancient of Lore
28:13 Ancient of Lore
28:18 Ancient of Lore
» items
                
                | Potion of Healing | 4 |  | 
| Staff of Preservation | 1 |  | 
| Scroll of Town Portal | 3 |  | 
                8 total
  
               
              
              
ThE_wiXXer (
teal | 94 APM | 2826 actions | 30:09)
              
 3 Tauren Chieftain 
 2 Shockwave
 1 Endurance Aura
 3 Shadow Hunter 
 1 Hex
 2 Healing Wave
 
                » actions 
                
                | Assign group hotkey | 61 |  | 
| Basic commands | 28 |  | 
| Build / train | 64 |  | 
| Enter build submenu | 16 |  | 
| Enter hero's abilities submenu | 6 |  | 
| Remove unit from queue | 3 |  | 
| Right click | 1034 |  | 
| Select / deselect | 551 |  | 
| Select group hotkey | 963 |  | 
| Use ability | 100 |  | 
                2826 total
 » units 
                
                | Peon | 8 |  | 
| Grunt | 11 |  | 
| Troll Witch Doctor | 18 |  | 
| Shaman | 1 |  | 
| Tauren | 6 |  | 
                44 total
 » upgrades
                
                | Berserker Strength | 1 |  | 
| Witch Doctor Training | 2 |  | 
                3 total
 » buildings
                
                | Altar of Storms | 1 |  | 
| Orc Burrow | 7 |  | 
| Barracks | 1 |  | 
| Voodoo Lounge | 2 |  | 
| Stronghold | 1 |  | 
| War Mill | 1 |  | 
| Spirit Lodge | 2 |  | 
| Fortress | 1 |  | 
| Tauren Totem | 1 |  | 
                17 total
 » build order
                00:04 Altar of Storms
00:14 Orc Burrow
00:38 Barracks
01:32 Orc Burrow
02:01 Voodoo Lounge
02:05 Voodoo Lounge
03:32 Stronghold
03:53 War Mill
04:17 Orc Burrow
05:27 Orc Burrow
06:47 Spirit Lodge
07:09 Spirit Lodge
08:05 Orc Burrow
08:41 Fortress
10:29 Orc Burrow
13:59 Tauren Totem
14:02 Orc Burrow
» items
                
                | Healing Salve | 3 |  | 
| Scroll of Speed | 1 |  | 
| Scroll of Town Portal | 1 |  | 
                5 total
  
               
              
              
zven (
yellow | 176 APM | 5324 actions | 30:11)
              
 3 Dark Ranger 
 2 Black Arrow
 1 Silence
 2 Keeper of the Grove 
 1 Entangling Roots
 1 Thorns Aura
 
                » actions 
                
                | Assign group hotkey | 65 |  | 
| Basic commands | 1 |  | 
| Build / train | 55 |  | 
| Enter build submenu | 18 |  | 
| Enter hero's abilities submenu | 6 |  | 
| Right click | 2478 |  | 
| Select / deselect | 592 |  | 
| Select group hotkey | 1966 |  | 
| Use ability | 143 |  | 
                5324 total
 » units 
                
                | Wisp | 17 |  | 
| Huntress | 4 |  | 
| Glaive Thrower | 11 |  | 
| Mountain Giant | 5 |  | 
| Forest Troll Shadow Priest | 1 |  | 
                38 total
 » upgrades
                
                | Vorpal Blades | 1 |  | 
| Strength of the Moon | 2 |  | 
                3 total
 » buildings
                
                | Moon Well | 8 |  | 
| Ancient of Wonders | 1 |  | 
| Altar of Elders | 1 |  | 
| Hunter's Hall | 1 |  | 
| Ancient of War | 2 |  | 
| Tree of Ages | 1 |  | 
| Ancient of Lore | 2 |  | 
| Tree of Life | 1 |  | 
                17 total
 » build order
                00:17 Moon Well
00:58 Ancient of Wonders
01:27 Altar of Elders
01:57 Moon Well
02:26 Hunter's Hall
02:28 Ancient of War
04:42 Tree of Ages
04:58 Moon Well
05:37 Moon Well
05:40 Moon Well
06:45 Ancient of War
07:15 Ancient of Lore
07:16 Ancient of Lore
12:06 Moon Well
18:13 Tree of Life
21:50 Moon Well
24:27 Moon Well
» items
                
                | Scroll of Town Portal | 3 |  | 
| Staff of Preservation | 2 |  | 
| Potion of Healing | 1 |  | 
                6 total
  
               team 2 (winner) 
              
              
BauerPower (
blue | 109 APM | 3295 actions | 30:14)
              
 7 Blademaster 
 3 Wind Walk
 3 Critical Strike
 1 Bladestorm
 
                » actions 
                
                | Assign group hotkey | 6 |  | 
| Basic commands | 2 |  | 
| Build / train | 61 |  | 
| Enter build submenu | 54 |  | 
| Enter hero's abilities submenu | 7 |  | 
| Give item / drop item | 17 |  | 
| Right click | 2347 |  | 
| Select / deselect | 217 |  | 
| Select group hotkey | 399 |  | 
| Use ability | 180 |  | 
                3295 total
 » units 
                » upgrades
                
                | Ranged Weapons | 1 |  | 
| Reinforced Defenses | 1 |  | 
| Liquid Fire | 1 |  | 
                3 total
 » buildings
                
                | Altar of Storms | 1 |  | 
| Orc Burrow | 4 |  | 
| War Mill | 2 |  | 
| Voodoo Lounge | 1 |  | 
| Watch Tower | 49 |  | 
| Stronghold | 1 |  | 
| Beastiary | 2 |  | 
| Fortress | 1 |  | 
                61 total
 » build order
                00:11 Altar of Storms
00:20 Orc Burrow
00:33 War Mill
01:05 Voodoo Lounge
01:55 Watch Tower
02:11 Watch Tower
02:17 Watch Tower
03:02 Watch Tower
03:14 Stronghold
03:57 Watch Tower
03:59 Watch Tower
04:05 Watch Tower
04:07 Watch Tower
04:57 Watch Tower
04:59 Watch Tower
05:20 Watch Tower
05:38 Beastiary
05:40 Beastiary
06:38 Fortress
06:44 Watch Tower
06:59 Orc Burrow
07:32 Watch Tower
08:01 Watch Tower
08:13 Orc Burrow
08:39 Watch Tower
09:49 Watch Tower
10:43 Orc Burrow
11:43 Watch Tower
11:45 Watch Tower
12:49 Watch Tower
12:49 Watch Tower
12:50 Watch Tower
12:51 Watch Tower
13:42 Watch Tower
13:43 Watch Tower
13:44 Watch Tower
13:45 Watch Tower
13:46 Watch Tower
13:47 Watch Tower
13:47 Watch Tower
13:48 Watch Tower
15:43 Watch Tower
15:43 Watch Tower
15:44 Watch Tower
17:36 Watch Tower
17:37 Watch Tower
17:38 Watch Tower
17:40 Watch Tower
20:13 Watch Tower
20:14 Watch Tower
20:16 Watch Tower
21:07 Watch Tower
21:31 Watch Tower
23:39 Watch Tower
24:10 Watch Tower
24:12 Watch Tower
27:36 Watch Tower
27:37 Watch Tower
27:38 Watch Tower
27:38 Watch Tower
28:42 War Mill
» items
                
                | Healing Salve | 5 |  | 
| Lesser Clarity Potion | 9 |  | 
| Boots of Speed | 1 |  | 
| Staff of Teleportation | 1 |  | 
| Orb of Lightning | 4 |  | 
| Potion of Lesser Invulnerability | 2 |  | 
                22 total
  
               
              
              
DevourPowerDour (
pink | 123 APM | 3707 actions | 30:13)
              
 4 Blood Mage 
 2 Flame Strike
 2 Banish
 4 Archmage 
 2 Blizzard
 2 Brilliance Aura
 2 Pandaren Brewmaster 
 1 Breath of Fire
 1 Drunken Haze
 
                » actions 
                
                | Assign group hotkey | 116 |  | 
| Basic commands | 13 |  | 
| Build / train | 121 |  | 
| Enter build submenu | 38 |  | 
| Enter hero's abilities submenu | 10 |  | 
| Give item / drop item | 5 |  | 
| Remove unit from queue | 2 |  | 
| Right click | 2142 |  | 
| Select / deselect | 620 |  | 
| Select group hotkey | 464 |  | 
| Use ability | 175 |  | 
                3707 total
 » units 
                
                | Peasant | 13 |  | 
| Dragonhawk Rider | 7 |  | 
                20 total
 » upgrades
                
                | Masonry | 3 |  | 
| Lumber Harvesting | 2 |  | 
| Magic Sentry | 1 |  | 
| Animal War Training | 1 |  | 
| Swords | 3 |  | 
| Armor | 3 |  | 
| Cloud | 1 |  | 
                14 total
 » buildings
                
                | Altar of Kings | 1 |  | 
| Farm | 8 |  | 
| Lumber Mill | 1 |  | 
| Scout Tower | 26 |  | 
| Arcane Tower | 5 |  | 
| Guard Tower | 32 |  | 
| Keep | 3 |  | 
| Arcane Vault | 1 |  | 
| Arcane Sanctum | 1 |  | 
| Gryphon Aviary | 2 |  | 
| Barracks | 1 |  | 
| Castle | 2 |  | 
| Blacksmith | 1 |  | 
                84 total
 » build order
                00:03 Altar of Kings
00:10 Farm
00:29 Lumber Mill
01:18 Farm
01:36 Scout Tower
01:47 Scout Tower
01:48 Scout Tower
02:06 Arcane Tower
02:07 Arcane Tower
02:18 Guard Tower
02:18 Guard Tower
02:33 Scout Tower
03:09 Scout Tower
03:11 Scout Tower
03:14 Guard Tower
03:18 Scout Tower
03:19 Scout Tower
03:20 Scout Tower
03:21 Scout Tower
03:37 Keep
03:37 Keep
03:37 Keep
03:50 Guard Tower
03:50 Guard Tower
03:55 Arcane Tower
03:55 Arcane Tower
03:55 Arcane Tower
04:05 Scout Tower
04:06 Scout Tower
04:13 Guard Tower
04:43 Guard Tower
04:46 Scout Tower
04:47 Scout Tower
04:49 Guard Tower
04:49 Guard Tower
05:02 Guard Tower
05:23 Guard Tower
05:23 Guard Tower
05:25 Guard Tower
05:25 Guard Tower
05:25 Guard Tower
05:55 Guard Tower
05:58 Scout Tower
05:59 Scout Tower
06:04 Scout Tower
06:12 Farm
06:14 Farm
06:20 Arcane Vault
06:25 Arcane Sanctum
06:36 Guard Tower
06:36 Guard Tower
06:36 Guard Tower
08:31 Gryphon Aviary
08:37 Scout Tower
08:38 Scout Tower
08:40 Scout Tower
08:40 Scout Tower
08:41 Scout Tower
08:53 Gryphon Aviary
09:40 Guard Tower
09:40 Guard Tower
10:07 Guard Tower
10:07 Guard Tower
10:10 Farm
10:11 Farm
10:11 Farm
13:35 Barracks
13:37 Guard Tower
13:38 Scout Tower
13:39 Scout Tower
13:39 Scout Tower
13:40 Scout Tower
14:44 Castle
14:45 Castle
15:30 Blacksmith
15:38 Guard Tower
15:38 Guard Tower
20:45 Farm
» items
                
                | Boots of Speed | 2 |  | 
| Scroll of Regeneration | 4 |  | 
| Lesser Clarity Potion | 1 |  | 
| Staff of Sanctuary | 2 |  | 
| Periapt of Vitality | 1 |  | 
| Circlet of Nobility | 1 |  | 
                11 total
  
               
              
              
SourFlowerHour (
orange | 137 APM | 4148 actions | 30:12)
              
 4 Mountain King 
 2 Storm Bolt
 2 Bash
 3 Paladin 
 2 Holy Light
 1 Divine Shield
 3 Blood Mage 
 2 Banish
 1 Flame Strike
 
                » actions 
                
                | Assign group hotkey | 331 |  | 
| Basic commands | 13 |  | 
| Build / train | 113 |  | 
| Enter build submenu | 86 |  | 
| Enter hero's abilities submenu | 10 |  | 
| Give item / drop item | 1 |  | 
| Right click | 2047 |  | 
| Select / deselect | 391 |  | 
| Select group hotkey | 910 |  | 
| Use ability | 246 |  | 
                4148 total
 » units 
                
                | Peasant | 16 |  | 
| Dragonhawk Rider | 3 |  | 
                19 total
 » upgrades
                
                | Masonry | 3 |  | 
| Lumber Harvesting | 2 |  | 
| Magic Sentry | 1 |  | 
                6 total
 » buildings
                
                | Altar of Kings | 1 |  | 
| Lumber Mill | 1 |  | 
| Farm | 7 |  | 
| Scout Tower | 70 |  | 
| Arcane Tower | 3 |  | 
| Guard Tower | 45 |  | 
| Arcane Vault | 5 |  | 
| Keep | 1 |  | 
| Arcane Sanctum | 1 |  | 
| Castle | 1 |  | 
| Gryphon Aviary | 1 |  | 
| Town Hall | 1 |  | 
                137 total
 » build order
                00:07 Altar of Kings
00:19 Lumber Mill
00:24 Farm
01:06 Farm
01:20 Scout Tower
01:44 Scout Tower
01:48 Arcane Tower
01:50 Scout Tower
02:15 Guard Tower
02:17 Guard Tower
02:27 Scout Tower
02:46 Scout Tower
02:50 Farm
03:01 Arcane Tower
03:04 Scout Tower
03:15 Guard Tower
03:16 Scout Tower
03:34 Guard Tower
03:35 Scout Tower
03:37 Arcane Vault
03:46 Guard Tower
03:48 Scout Tower
04:15 Keep
04:16 Guard Tower
04:17 Arcane Vault
04:21 Scout Tower
04:49 Farm
04:52 Guard Tower
04:55 Scout Tower
04:57 Guard Tower
04:58 Scout Tower
05:32 Guard Tower
05:33 Scout Tower
05:36 Guard Tower
05:38 Scout Tower
05:55 Farm
06:26 Guard Tower
06:27 Scout Tower
06:34 Guard Tower
06:36 Scout Tower
07:23 Guard Tower
07:24 Scout Tower
07:31 Guard Tower
07:33 Arcane Sanctum
08:06 Guard Tower
08:09 Scout Tower
08:42 Guard Tower
08:49 Castle
09:10 Gryphon Aviary
11:17 Scout Tower
11:35 Scout Tower
11:38 Scout Tower
12:06 Guard Tower
12:07 Scout Tower
12:27 Guard Tower
12:27 Guard Tower
12:34 Guard Tower
12:36 Scout Tower
13:09 Guard Tower
13:15 Scout Tower
13:18 Scout Tower
13:22 Farm
13:26 Farm
13:44 Guard Tower
13:45 Scout Tower
13:47 Scout Tower
13:50 Guard Tower
14:20 Guard Tower
14:32 Scout Tower
14:34 Scout Tower
15:20 Guard Tower
15:22 Guard Tower
15:34 Scout Tower
15:39 Scout Tower
15:44 Scout Tower
15:45 Scout Tower
17:14 Guard Tower
18:25 Scout Tower
18:26 Scout Tower
18:28 Scout Tower
18:54 Guard Tower
18:54 Scout Tower
18:55 Guard Tower
18:55 Guard Tower
18:57 Scout Tower
18:58 Scout Tower
19:26 Scout Tower
19:27 Scout Tower
19:28 Scout Tower
19:31 Scout Tower
19:32 Scout Tower
19:32 Scout Tower
19:36 Guard Tower
20:23 Scout Tower
20:24 Scout Tower
20:25 Scout Tower
20:27 Guard Tower
20:28 Scout Tower
20:29 Scout Tower
20:44 Scout Tower
20:45 Scout Tower
21:01 Guard Tower
21:02 Scout Tower
21:03 Scout Tower
21:03 Scout Tower
21:49 Guard Tower
21:51 Scout Tower
21:53 Scout Tower
21:53 Scout Tower
21:54 Scout Tower
21:56 Guard Tower
21:58 Scout Tower
21:59 Scout Tower
22:31 Arcane Tower
23:31 Guard Tower
23:32 Scout Tower
23:32 Scout Tower
23:39 Arcane Vault
24:01 Guard Tower
24:28 Guard Tower
24:47 Town Hall
24:58 Arcane Vault
25:57 Scout Tower
25:59 Scout Tower
27:40 Scout Tower
27:41 Guard Tower
27:47 Guard Tower
27:48 Scout Tower
28:08 Guard Tower
28:11 Scout Tower
28:23 Guard Tower
28:24 Guard Tower
28:24 Guard Tower
28:25 Scout Tower
29:04 Guard Tower
29:06 Arcane Vault
29:07 Scout Tower
» items
                
                | Scroll of Regeneration | 8 |  | 
| Lesser Clarity Potion | 9 |  | 
| Staff of Sanctuary | 2 |  | 
| Scroll of Town Portal | 4 |  | 
| Orb of Fire | 2 |  | 
                25 total
  
               
              
              
tylersaSOURpuss (
green | 129 APM | 3899 actions | 30:13)
              
 10 Keeper of the Grove 
 3 Entangling Roots
 3 Thorns Aura
 2 Tranquility
 2 Force of Nature
 
                » actions 
                
                | Assign group hotkey | 17 |  | 
| Basic commands | 99 |  | 
| Build / train | 76 |  | 
| Enter build submenu | 19 |  | 
| Enter hero's abilities submenu | 10 |  | 
| Give item / drop item | 6 |  | 
| Right click | 2054 |  | 
| Select / deselect | 336 |  | 
| Select group hotkey | 1151 |  | 
| Use ability | 129 |  | 
                3899 total
 » units 
                » upgrades
                
                | Ultravision | 1 |  | 
| Strength of the Wild | 3 |  | 
| Reinforced Hides | 3 |  | 
| Abolish Magic | 1 |  | 
| Well Spring | 1 |  | 
| Nature's Blessing | 1 |  | 
                10 total
 » buildings
                
                | Altar of Elders | 1 |  | 
| Moon Well | 10 |  | 
| Hunter's Hall | 1 |  | 
| Tree of Ages | 1 |  | 
| Ancient of Wonders | 1 |  | 
| Tree of Eternity | 1 |  | 
| Ancient of Lore | 2 |  | 
| Tree of Life | 3 |  | 
| Ancient Protector | 1 |  | 
                21 total
 » build order
                00:06 Altar of Elders
00:07 Moon Well
01:30 Moon Well
03:14 Hunter's Hall
04:49 Tree of Ages
06:43 Ancient of Wonders
07:12 Tree of Eternity
07:15 Ancient of Lore
07:16 Ancient of Lore
08:08 Moon Well
08:10 Moon Well
08:11 Moon Well
10:28 Tree of Life
10:37 Tree of Life
11:57 Ancient Protector
18:19 Tree of Life
23:20 Moon Well
23:21 Moon Well
23:22 Moon Well
23:22 Moon Well
25:11 Moon Well
» items
                
                | Boots of Speed | 1 |  | 
| Staff of Teleportation | 1 |  | 
| Lesser Clarity Potion | 2 |  | 
| Scroll of Regeneration | 6 |  | 
| Orb of Venom | 1 |  | 
| Scroll of Town Portal | 4 |  | 
| Potion of Mana | 1 |  | 
                16 total
  
                Chat log
          (00:52 / All) tylersaSOURpuss: @#$
(02:08 / All) tylersaSOURpuss: U gett more for your money because mcdonalds. treats you right.
(02:51 / All) BauerPower: TY
(03:26 / All) BauerPower: lmao team
(03:28 / All) BauerPower: teal
(03:52 / All) BauerPower: too slow
(03:53 / All) BauerPower: noob
(07:17 / All) SourFlowerHour: hi
(07:19 / Allies) BauerPower: timg can i have 200lum
(07:25 / Allies) BauerPower: a ty
(08:19 / All) tylersaSOURpuss: techingnomvandlingstabellar
(13:35 / All) BauerPower: Way Too Slow
(20:36 / All) BauerPower: NICE STAFF
(20:42 / All) BauerPower: beitche
(20:42 / All) zven: fu
(26:12 / All) SourFlowerHour: why do u have
(26:14 / All) SourFlowerHour: Mountain giants
(27:29 / All) BauerPower: tehe noob
(30:03 / All) BauerPower: look at you yellow
(30:06 / All) BauerPower: what a birdnoob